[ AOE2 MATCH · #495840091 ]
UnrankedVietnamese vs Japanese
Player's team · WIN
Rival team · LOSS
[ REPLAY ANALYSIS · EXTRACTED FROM THE RECORDED GAME ]
Feudal
8:55
Castle
24:41
Imperial
—
| APM avg | 50.3 |
| APM peak | 83 |
| eAPM avg | 20.0 |
| Villagers / military | 70 / 78 |
Focus
⚔️ 31.3% · 🌾 68.7%
Archer ×45 · Skirmisher ×32 · Mangonel ×1
Feudal
9:50
Castle
24:44
Imperial
—
| APM avg | 84.4 |
| APM peak | 120 |
| eAPM avg | 33.5 |
| Villagers / military | 94 / 63 |
Focus
⚔️ 38.9% · 🌾 61.1%
Skirmisher ×26 · Archer ×12 · Militia ×7 · Scorpion ×6 · Cavalry Archer ×6 · Mangonel ×5
Match map
Initial resources + every placement click. Lines = walls · curves = elevation contours. ◆ gold · ⬟ stone · ● berries · ✦ relic · ◌ wall gap
Your base· ✓ Closed at 24:41 · 37t walls · 1 gate(s)
Neucken's base· ✓ Closed at 24:44 · 30t walls · no gate
Smoothed initial terrain · ◌ = detected wall gap · hover for details
Inputs per minute
— eloty - - Neucken
Build order — eloty
First 150 of 221 actions detected
| 0:01 | Create | Villager (Male) |
| 0:02 | Build | House |
| 0:02 | Build | House |
| 0:14 | Create | Villager (Male) |
| 0:18 | Create | Villager (Male) |
| 0:24 | Create | Villager (Male) |
| 1:36 | Create | Villager (Male) |
| 1:37 | Create | Villager (Male) |
| 2:07 | Create | Villager (Male) |
| 2:07 | Create | Villager (Male) |
| 2:22 | Create | Villager (Male) |
| 2:39 | Build | House |
| 2:39 | Create | Villager (Male) |
| 3:25 | Create | Villager (Male) |
| 3:25 | Create | Villager (Male) |
| 3:27 | Build | Lumber Camp |
| 3:28 | Create | Villager (Male) |
| 3:37 | Create | Villager (Male) |
| 4:38 | Create | Villager (Male) |
| 5:04 | Create | Villager (Male) |
| 5:04 | Create | Villager (Male) |
| 5:06 | Create | Villager (Male) |
| 5:07 | Create | Villager (Male) |
| 5:07 | Create | Villager (Male) |
| 5:24 | Create | Villager (Male) |
| 5:56 | Research | Loom |
| 5:59 | Build | Mining Camp |
| 6:42 | Research | Feudal Age |
| 6:42 | Research | Feudal Age |
| 7:11 | Build | Lumber Camp |
| 7:59 | Build | House |
| 8:34 | Build | Barracks |
| 8:44 | Create | Villager (Male) |
| 8:55 | Age | Feudal Age |
| 9:09 | Create | Villager (Male) |
| 9:21 | Build | Archery Range |
| 9:23 | Create | Villager (Male) |
| 9:30 | Research | Double-Bit Axe |
| 9:53 | Create | Villager (Male) |
| 9:53 | Create | Villager (Male) |
| 10:04 | Create | Archer |
| 10:07 | Build | House |
| 10:17 | Create | Archer |
| 10:25 | Create | Archer |
| 11:12 | Create | Villager (Male) |
| 11:20 | Build | House |
| 11:23 | Build | Palisade Wall |
| 11:42 | Create | Villager (Male) |
| 11:53 | Create | Villager (Male) |
| 11:56 | Create | Archer |
| 12:06 | Create | Villager (Male) |
| 12:27 | Create | Villager (Male) |
| 12:34 | Build | Blacksmith |
| 12:47 | Create | Villager (Male) |
| 13:09 | Create | Archer |
| 13:15 | Build | Archery Range |
| 13:17 | Create | Skirmisher |
| 13:22 | Research | Fletching |
| 13:24 | Build | House |
| 13:25 | Build | Palisade Wall |
| 13:44 | Build | House |
| 13:49 | Create | Skirmisher |
| 13:55 | Build | Palisade Wall |
| 14:00 | Create | Skirmisher |
| 14:22 | Create | Skirmisher |
| 14:24 | Create | Archer |
| 14:27 | Build | Mining Camp |
| 14:39 | Create | Archer |
| 14:42 | Create | Skirmisher |
| 14:44 | Create | Villager (Male) |
| 14:49 | Create | Archer |
| 14:49 | Create | Archer |
| 14:58 | Build | House |
| 14:59 | Build | Palisade Wall |
| 15:00 | Build | Palisade Wall |
| 15:14 | Create | Villager (Male) |
| 15:27 | Create | Villager (Male) |
| 15:38 | Build | Mill |
| 15:42 | Create | Archer |
| 15:54 | Create | Villager (Male) |
| 16:05 | Build | Farm |
| 16:07 | Build | Farm |
| 16:12 | Build | Farm |
| 16:19 | Build | House |
| 16:23 | Create | Archer |
| 16:35 | Build | Farm |
| 16:41 | Create | Skirmisher |
| 16:41 | Create | Archer |
| 16:52 | Create | Villager (Male) |
| 16:54 | Build | Farm |
| 17:08 | Create | Archer |
| 17:08 | Create | Archer |
| 17:09 | Create | Villager (Male) |
| 17:14 | Build | House |
| 17:24 | Research | Padded Archer Armor |
| 17:28 | Build | House |
| 17:33 | Create | Archer |
| 17:54 | Create | Skirmisher |
| 17:55 | Create | Skirmisher |
| 17:55 | Create | Villager (Male) |
| 18:08 | Create | Skirmisher |
| 18:09 | Create | Villager (Male) |
| 18:15 | Create | Villager (Male) |
| 18:20 | Build | Farm |
| 18:20 | Create | Villager (Male) |
| 18:27 | Build | Farm |
| 18:39 | Create | Skirmisher |
| 18:41 | Create | Villager (Male) |
| 18:48 | Create | Skirmisher |
| 18:57 | Create | Skirmisher |
| 18:58 | Create | Archer |
| 19:02 | Build | Farm |
| 19:13 | Create | Archer |
| 19:20 | Build | House |
| 19:41 | Create | Archer |
| 19:42 | Create | Villager (Male) |
| 19:47 | Build | Farm |
| 19:52 | Create | Skirmisher |
| 20:15 | Build | Palisade Wall |
| 20:20 | Create | Skirmisher |
| 20:21 | Create | Villager (Male) |
| 20:41 | Build | Farm |
| 20:49 | Create | Archer |
| 20:59 | Create | Archer |
| 21:48 | Create | Archer |
| 21:48 | Create | Archer |
| 22:01 | Research | Castle Age |
| 22:01 | Research | Castle Age |
| 22:17 | Create | Skirmisher |
| 22:18 | Create | Skirmisher |
| 22:26 | Build | Archery Range |
| 22:47 | Build | Mining Camp |
| 22:55 | Build | House |
| 22:57 | Build | Palisade Wall |
| 23:02 | Build | House |
| 23:06 | Build | Palisade Gate |
| 23:08 | Build | Palisade Wall |
| 23:15 | Create | Archer |
| 23:16 | Create | Archer |
| 23:23 | Research | Horse Collar |
| 23:37 | Create | Skirmisher |
| 23:38 | Create | Archer |
| 23:39 | Create | Villager (Male) |
| 24:36 | Create | Archer |
| 24:37 | Create | Archer |
| 24:41 | Age | Castle Age |
| 24:44 | Research | Crossbowman (upgrade) |
| 24:55 | Research | Bodkin Arrow |
| 25:00 | Create | Skirmisher |
| 25:02 | Research | Elite Skirmisher (upgrade) |
Build order — Neucken
First 150 of 251 actions detected
| 0:00 | Create | Villager (Male) |
| 0:00 | Create | Villager (Male) |
| 0:01 | Create | Villager (Male) |
| 0:02 | Build | House |
| 0:02 | Build | House |
| 0:04 | Create | Villager (Male) |
| 0:04 | Create | Villager (Male) |
| 1:26 | Create | Villager (Male) |
| 1:26 | Create | Villager (Male) |
| 1:45 | Build | Lumber Camp |
| 1:49 | Create | Villager (Male) |
| 2:27 | Create | Villager (Male) |
| 2:27 | Create | Villager (Male) |
| 2:27 | Create | Villager (Male) |
| 2:27 | Create | Villager (Male) |
| 2:51 | Create | Villager (Male) |
| 2:51 | Create | Villager (Male) |
| 2:53 | Create | Villager (Male) |
| 2:53 | Create | Villager (Male) |
| 3:40 | Create | Villager (Male) |
| 3:40 | Create | Villager (Male) |
| 3:40 | Create | Villager (Male) |
| 3:43 | Create | Villager (Male) |
| 3:43 | Create | Villager (Male) |
| 3:59 | Build | House |
| 4:05 | Create | Villager (Male) |
| 4:05 | Create | Villager (Male) |
| 4:14 | Build | Mill |
| 4:20 | Create | Villager (Male) |
| 4:20 | Create | Villager (Male) |
| 4:38 | Create | Villager (Male) |
| 5:14 | Create | Villager (Male) |
| 5:14 | Create | Villager (Male) |
| 5:14 | Create | Villager (Male) |
| 5:22 | Create | Villager (Male) |
| 5:22 | Create | Villager (Male) |
| 5:23 | Create | Villager (Male) |
| 5:28 | Build | Barracks |
| 5:45 | Create | Villager (Male) |
| 5:59 | Build | House |
| 6:16 | Create | Villager (Male) |
| 6:16 | Create | Villager (Male) |
| 6:27 | Create | Militia |
| 6:50 | Build | Mill |
| 7:37 | Research | Feudal Age |
| 7:37 | Research | Feudal Age |
| 7:45 | Build | House |
| 7:48 | Build | Palisade Wall |
| 7:53 | Build | House |
| 7:54 | Create | Militia |
| 8:02 | Create | Militia |
| 8:12 | Build | Palisade Wall |
| 8:13 | Build | Palisade Wall |
| 8:15 | Build | Mining Camp |
| 8:25 | Build | Palisade Wall |
| 8:26 | Build | Palisade Wall |
| 8:26 | Build | Palisade Wall |
| 8:30 | Create | Militia |
| 8:30 | Create | Militia |
| 8:31 | Create | Militia |
| 8:31 | Create | Militia |
| 9:50 | Age | Feudal Age |
| 9:51 | Create | Villager (Male) |
| 9:52 | Research | Man-at-Arms (upgrade) |
| 9:59 | Build | Archery Range |
| 10:23 | Research | Arson |
| 10:46 | Create | Villager (Male) |
| 10:47 | Research | Loom |
| 10:47 | Research | Loom |
| 10:55 | Create | Skirmisher |
| 10:56 | Build | Archery Range |
| 11:14 | Build | Farm |
| 11:18 | Build | House |
| 11:22 | Create | Skirmisher |
| 11:33 | Create | Villager (Male) |
| 11:43 | Create | Skirmisher |
| 11:46 | Build | House |
| 11:51 | Create | Skirmisher |
| 12:10 | Create | Skirmisher |
| 12:18 | Create | Skirmisher |
| 12:23 | Create | Villager (Male) |
| 12:24 | Build | Farm |
| 12:38 | Build | Palisade Wall |
| 12:38 | Build | Palisade Wall |
| 12:46 | Create | Skirmisher |
| 12:47 | Create | Skirmisher |
| 13:10 | Create | Skirmisher |
| 13:21 | Create | Skirmisher |
| 13:21 | Create | Skirmisher |
| 13:24 | Create | Spearman |
| 13:42 | Build | Farm |
| 13:43 | Build | Farm |
| 13:52 | Create | Villager (Male) |
| 13:54 | Create | Skirmisher |
| 13:54 | Create | Skirmisher |
| 14:07 | Create | Skirmisher |
| 14:07 | Create | Skirmisher |
| 14:07 | Create | Villager (Male) |
| 14:19 | Create | Villager (Male) |
| 14:42 | Build | House |
| 14:46 | Build | House |
| 14:50 | Create | Skirmisher |
| 14:50 | Create | Skirmisher |
| 15:01 | Create | Villager (Male) |
| 15:02 | Build | Farm |
| 15:05 | Research | Town Watch |
| 15:20 | Create | Villager (Male) |
| 15:33 | Build | Blacksmith |
| 15:37 | Create | Villager (Male) |
| 15:56 | Create | Villager (Male) |
| 16:00 | Create | Archer |
| 16:00 | Create | Archer |
| 16:13 | Research | Fletching |
| 16:13 | Research | Fletching |
| 16:17 | Build | Palisade Wall |
| 16:20 | Build | Palisade Wall |
| 16:25 | Create | Villager (Male) |
| 16:26 | Create | Archer |
| 16:26 | Create | Archer |
| 16:28 | Build | Farm |
| 16:46 | Build | House |
| 16:48 | Build | Palisade Wall |
| 16:55 | Build | Farm |
| 17:05 | Create | Villager (Male) |
| 17:08 | Build | Farm |
| 17:23 | Build | House |
| 17:30 | Build | Farm |
| 18:05 | Create | Villager (Male) |
| 18:06 | Build | Farm |
| 18:09 | Create | Villager (Male) |
| 18:09 | Create | Villager (Male) |
| 18:09 | Create | Villager (Male) |
| 18:14 | Build | House |
| 18:20 | Create | Villager (Male) |
| 18:24 | Research | Padded Archer Armor |
| 18:24 | Research | Padded Archer Armor |
| 18:46 | Create | Skirmisher |
| 18:47 | Create | Skirmisher |
| 18:47 | Create | Villager (Male) |
| 18:47 | Create | Villager (Male) |
| 18:47 | Create | Villager (Male) |
| 18:50 | Build | Farm |
| 19:03 | Create | Villager (Male) |
| 19:05 | Build | House |
| 19:07 | Build | Palisade Wall |
| 19:12 | Create | Villager (Male) |
| 19:15 | Build | Farm |
| 19:16 | Build | Farm |
| 19:21 | Create | Archer |
| 19:22 | Create | Archer |
Match timeline
| 5:28 | Neucken · first_building Barracks |
| 7:48 | Neucken · wall_segment Palisade Wall x1 |
| 8:12 | Neucken · wall_segment Palisade Wall x1 |
| 8:13 | Neucken · wall_segment Palisade Wall x1 |
| 8:25 | Neucken · wall_segment Palisade Wall x1 |
| 8:26 | Neucken · wall_segment Palisade Wall x1 |
| 8:26 | Neucken · wall_segment Palisade Wall x1 |
| 8:34 | eloty · first_building Barracks |
| 8:55 | eloty · age_up feudal |
| 9:21 | eloty · first_building Archery Range |
| 9:50 | Neucken · age_up feudal |
| 9:59 | Neucken · first_building Archery Range |
| 11:23 | eloty · wall_segment Palisade Wall x5 |
| 12:38 | Neucken · wall_segment Palisade Wall x1 |
| 12:38 | Neucken · wall_segment Palisade Wall x1 |
| 13:25 | eloty · wall_segment Palisade Wall x1 |
| 13:55 | eloty · wall_segment Palisade Wall x1 |
| 14:59 | eloty · wall_segment Palisade Wall x1 |
| 15:00 | eloty · wall_segment Palisade Wall x1 |
| 16:17 | Neucken · wall_segment Palisade Wall x5 |
| 16:20 | Neucken · wall_segment Palisade Wall x3 |
| 16:48 | Neucken · wall_segment Palisade Wall x6 |
| 19:07 | Neucken · wall_segment Palisade Wall x8 |
| 20:15 | eloty · wall_segment Palisade Wall x25 |
| 21:38 | Neucken · first_market_sell 100 stone |
| 21:41 | Neucken · first_market_buy 100 food |
| 22:57 | eloty · wall_segment Palisade Wall x1 |
| 23:08 | eloty · wall_segment Palisade Wall x2 |
| 24:41 | eloty · age_up castle |
| 24:44 | Neucken · age_up castle |
| 24:53 | Neucken · first_building Siege Workshop |
| 25:33 | Neucken · wall_segment Palisade Wall x1 |
| 25:54 | Neucken · wall_segment Palisade Wall x1 |
| 31:14 | eloty · first_building Siege Workshop |
| 32:14 | Neucken · wall_segment Palisade Wall x3 |
| 33:25 | Neucken · resign |
[ AI ANALYSIS · 1 CREDIT ]
What really happened in this match?
Wolo.gg analyzes every decision: build order, eco, micro, common mistakes by bracket. Personalized analysis on WhatsApp or Discord in 30 seconds.
Civ guide
Vietnamese
Perfil
eloty